 Dungeon Crawl Stone Soup version 0.20-b1-2-gc5a9893 (webtiles) character file.

11 KeyserSoze the Sneak (level 2, 0/14 HPs)
             Began as a Spriggan Assassin on May 22, 2017.
             Slain by a jackal (1 damage)
             ... on level 1 of the Dungeon.
             The game lasted 00:02:25 (501 turns).

KeyserSoze the Sneak (Spriggan Assassin)             Turns: 501, Time: 00:02:26

Health: 0/14       AC:  3    Str:  7    XL:     2   Next: 13%
Magic:  3/3        EV: 17    Int: 12    God:
Gold:   19         SH:  0    Dex: 17    Spells: 1/1 levels left

rFire    . . .     SeeInvis +   a - +2 dagger
rCold    . . .     Gourm    .   (shield restricted)
rNeg     . . .     Faith    .   c - +0 robe
rPois    .         Spirit   .   (helmet restricted)
rElec    .         Reflect  .   d - +0 cloak
rCorr    .         Harm     .   (gloves unavailable)
MR       .....                  (boots unavailable)
Stlth    +++.......             (no amulet)
Regen    0.1/turn               (no ring)
MPRegen  0.1/turn               (no ring)

@: very quick
A: unfitting armour, see invisible, herbivore 3, speed 3, slow metabolism 2
a: no special abilities


You were on level 1 of the Dungeon.
You were not hungry.

You visited 1 branch of the dungeon, and saw 1 of its levels.

You collected 19 gold pieces.

Inventory:

Hand Weapons
 a - a +2 dagger (weapon)
 b - a +0 blowgun
Missiles
 e - 8 poisoned needles
 f - 2 curare-tipped needles
 l - 21 arrows
Armour
 c - a +0 robe (worn)
 d - a +0 cloak (worn)
Scrolls
 j - a scroll of enchant weapon {unknown}
 k - a scroll of identify {unknown}
 n - a scroll of fear {unknown}
Potions
 h - a potion of haste {unknown}
 m - a potion of heal wounds {unknown}
Comestibles
 g - 2 bread rations
 i - a fruit


   Skills:
 - Level 1.5 Fighting
 + Level 2.3 Short Blades
 + Level 2.2 Throwing
 + Level 2.0 Dodging
 + Level 6.1 Stealth


You had one spell level left.
You didn't know any spells.

Dungeon Overview and Level Annotations

Branches:
Dungeon (1/15)

Altars:


Innate Abilities, Weirdness & Mutations

You are very small and have problems with some larger weapons.
You are too small for most types of armour.
You have supernaturally acute eyesight. (SInv)
You are a herbivore.
You cover ground extremely quickly.
You need consume almost no food.


Message History

You closely miss the jackal. The jackal bites you.
You barely miss the jackal. The jackal misses you.
You closely miss the jackal. The jackal bites you. x2
* * * LOW HITPOINT WARNING * * *
You hit the jackal.
The jackal is heavily wounded.
The jackal barely misses you.
You hit the jackal but do no damage.
The jackal is heavily wounded.
The jackal bites you but does no damage.
You hit the jackal.
You kill the jackal!
Your Dodging skill increases to level 2!
You hit the jackal but do no damage. The jackal closely misses you.
You completely miss the jackal.
The jackal bites you but does no damage.
The jackal bites you.
* * * LOW HITPOINT WARNING * * *
You hit the jackal but do no damage. The jackal bites you.
You die...

#..##(.##.......# ##.#
#......##.......# #..#
##.##.###.†.....# #.##
##.##.# ######### #.#
......# #.#
......##### #.#
##.##....#.. #.#
..†##....#...#######.#
##.............h@....#
#.#...........#######
...#...........#
.........#..)###
...###...#... #.##
####### #. ..


You could see a jackal.

Vanquished Creatures
  A dart slug (D:1)
  2 goblins (D:1)
  3 jackals (D:1)
  2 frilled lizards (D:1)
8 creatures vanquished.

Notes
Turn   | Place    | Note
-------+----------+-------------------------------------------
     0 | D:1      | KeyserSoze the Spriggan Assassin began the quest for the Orb.
     0 | D:1      | Reached XP level 1. HP: 10/10 MP: 2/2
     0 | D:1      | Noticed a formicid
     0 | D:1      | Noticed a spriggan
     1 | D:1      | Noticed a ghoul
     1 | D:1      | Noticed an elf
     4 | D:1      | Noticed a naga
    13 | D:1      | Noticed an ogre
    14 | D:1      | Noticed a minotaur
    16 | D:1      | Noticed a vampire
    16 | D:1      | Noticed a ghoul
    18 | D:1      | Noticed a centaur
    18 | D:1      | Noticed a centaur
    28 | D:1      | Noticed a minotaur
    30 | D:1      | Noticed a human
    30 | D:1      | Noticed a spriggan
    32 | D:1      | Noticed a minotaur
    32 | D:1      | Noticed a gargoyle
    34 | D:1      | Noticed a dwarf
    70 | D:1      | Reached skill level 6 in Stealth
   446 | D:1      | Reached XP level 2. HP: 14/14 MP: 3/3
   501 | D:1      | Slain by a jackal

Skill      XL: |  1  2 |
---------------+-------+-----
Stealth        | 6 |  6.1
Dodging        | 2 |  2.0
Fighting       | |  1.5
Short Blades   | |  2.3
Throwing       | |  2.2

Action                   || total
-------------------------++-------
Melee: Dagger            ||    23
 Fire: Blowgun           ||     2
 Stab: Sleeping          ||     3
Armor: Robe              ||     4
Dodge: Dodged            ||    13
